 Dungeon Crawl Stone Soup version 0.22-a0-603-gfc1114d (webtiles) character file.

11 Amnesiac the Magician (level 2, -4/15 HPs)
             Began as a Deep Elf Wizard on July 8, 2018.
             Slain by a gnoll
             ... wielding a +0 spear
              (10 damage)
             ... on level 1 of the Dungeon.
             The game lasted 00:00:58 (361 turns).

Amnesiac the Magician (Deep Elf Wizard)              Turns: 361, Time: 00:00:59

Health: -4/15      AC:  2    Str:  4    XL:     2   Next: 17%
Magic:  1/9        EV: 13    Int: 22    God:
Gold:   0          SH:  0    Dex: 13    Spells: 5/10 levels left

rFire    . . .     SeeInvis .   (no weapon)
rCold    . . .     Gourm    .   (no shield)
rNeg     . . .     Faith    .   a - +0 robe
rPois    .         Spirit   .   b - +0 hat
rElec    .         Reflect  .   (no cloak)
rCorr    .         Harm     .   (no gloves)
MR       .....                  (no boots)
Stlth    ++........             (no amulet)
HPRegen  0.05/turn              (no ring)
MPRegen  0.11/turn              (no ring)

@: no status effects
A: no striking features
a: no special abilities


You were on level 1 of the Dungeon.
You were not hungry.

You visited 1 branch of the dungeon, and saw 1 of its levels.

Inventory:

Armour
 a - a +0 robe (worn)
 b - a +0 hat (worn)
Comestibles
 c - 3 chunks of flesh
 d - a ration


   Skills:
 - Level 2.4 Dodging
 - Level 2.4 Stealth
 - Level 4.5 Spellcasting
 * Level 2.4 Conjurations
 - Level 1.1 Summonings
 - Level 1.1 Translocations


You had 5 spell levels left.
You knew the following spells:

 Your Spells              Type           Power        Failure   Level  Hunger
a - Magic Dart            Conj           ###.         4%          1    None
b - Call Imp              Summ           #.......     11%         2    #......
v - Blink                 Tloc           N/A          11%         2    #......

Your spell library contained the following spells:

 Spells                   Type           Power        Failure   Level  Hunger
 Conjure Flame            Conj/Fire      ##......     21%         3    ##.....
 Slow                     Hex            #.......     16%         2    #......
 Mephitic Cloud           Conj/Pois/Air  #.......     22%         3    ##.....


Dungeon Overview and Level Annotations

Branches:
Dungeon (1/15)

Altars:
Nemelex Xobeh


Message History

The magic dart hits the dart slug.
The dart slug is heavily wounded.
A dart slug is nearby!
Casting: Magic Dart (safe; 4% risk of failure)
Confirm with . or Enter, or press ? or * to list all spells.
Aiming: Magic Dart (safe; 4% risk of failure)
Press: ? - help, Shift-Dir - straight line, f/p - dart slug
Aim: a dart slug (heavily wounded, clinging)
The magic dart hits the dart slug.
The dart slug is almost dead.
A dart slug is nearby!
Casting: Magic Dart (safe; 4% risk of failure)
Confirm with . or Enter, or press ? or * to list all spells.
Aiming: Magic Dart (safe; 4% risk of failure)
Press: ? - help, Shift-Dir - straight line, f/p - dart slug
Aim: a dart slug (almost dead, clinging)
The magic dart hits the dart slug.
You kill the dart slug!
You butcher the dart slug corpse.
c - 3 chunks of flesh (gained 1) Magic restored.
The gnoll is too close now for your liking.
Casting: Magic Dart (safe; 4% risk of failure)
Confirm with . or Enter, or press ? or * to list all spells.
Aiming: Magic Dart (safe; 4% risk of failure)
Press: ? - help, Shift-Dir - straight line, f - gnoll
Aim: a gnoll, wielding a spear The magic dart hits the gnoll.
Casting: Magic Dart (safe; 4% risk of failure)
Confirm with . or Enter, or press ? or * to list all spells.
A beastly little devil appears in a puff of flame.
You swap places.
Casting: Call Imp (safe; 11% risk of failure)
Confirm with . or Enter, or press ? or * to list all spells.
A beastly little devil appears in a puff of flame.
The gnoll hits your crimson imp with a spear!
Casting: Call Imp (safe; 11% risk of failure)
Confirm with . or Enter, or press ? or * to list all spells.
Aiming: Magic Dart (safe; 4% risk of failure)
Press: ? - help, Shift-Dir - straight line, f/p - gnoll
Aim: a gnoll, wielding a spear The magic dart hits the gnoll.
Casting: Magic Dart (safe; 4% risk of failure)
Confirm with . or Enter, or press ? or * to list all spells.
Aiming: Magic Dart (safe; 4% risk of failure)
Press: ? - help, Shift-Dir - straight line, f/p - gnoll
Aim: a gnoll, wielding a spear (lightly wounded)
The magic dart hits the gnoll.
The gnoll is lightly wounded.
Casting: Magic Dart (safe; 4% risk of failure)
Confirm with . or Enter, or press ? or * to list all spells.
Aiming: Magic Dart (safe; 4% risk of failure)
Press: ? - help, Shift-Dir - straight line, f/p - gnoll
Aim: a gnoll, wielding a spear (lightly wounded)
The magic dart hits the gnoll.
The gnoll is moderately wounded.
The gnoll hits you from afar with a spear!
Ouch! That really hurt!
* * * LOW HITPOINT WARNING * * *
Your crimson imp blinks!
Your crimson imp disappears in a puff of smoke!
The gnoll hits you from afar with a spear!
Ouch! That really hurt!
You die...

..........##
.#.......#.#.#
#.......#..#.#
...#..[#...#.# #######
..#...#....#.#####.....#
.#.#.#.....#.......###(#
#...#......#.........#.#
.<...#.#..)#......)#.#.#
#.....#.......g.@..#...#
.#...#.....#....รท..#####
....##.....#.#####.#
..5#..#....#.#####.#
#.#....#...#....##w#
.#......#..#.##.##.#
..#......#.#....##.#
...#......##.#####.#
#.##########....)w.#


You could see a gnoll.

Vanquished Creatures
  A dart slug (D:1)
  A bat (D:1)
  A goblin (D:1)
  A hobgoblin (D:1)
  A frilled lizard (D:1)
  4 kobolds (D:1)
  2 rats (D:1)
11 creatures vanquished.

Notes
Turn   | Place    | Note
-------+----------+-------------------------------------------
     0 | D:1      | Amnesiac the Deep Elf Wizard began the quest for the Orb.
     0 | D:1      | Reached XP level 1. HP: 10/10 MP: 7/7
   138 | D:1      | Found a sparkling altar of Nemelex Xobeh.
   283 | D:1      | Reached XP level 2. HP: 12/15 MP: 5/9
   287 | D:1      | Learned a level 2 spell: Blink
   290 | D:1      | Learned a level 2 spell: Call Imp
   361 | D:1      | Slain by a gnoll

Vault maps used:
D:1:      matt_arrival_diagonals, nemelex_altar_shiori

Skill      XL: |  1 |
---------------+----+-----
Conjurations   | 2 |  2.4
Dodging        | |  2.4
Stealth        | |  2.4
Spellcasting   | |  4.5
Summonings     | |  1.1
Translocations | |  1.1

Action                   || total
-------------------------++-------
 Cast: Magic Dart        ||    26
       Call Imp          ||     2
Armor: Robe              ||     2
Dodge: Dodged            ||     8

Table legend:
 A = Spawn XP
 B = Non-spawn XP
 C = Spawn XP percentage of total XP
 D = Spawn monster count
 E = Non-spawn monster count
 F = Spawn count percentage of total count
 G = Total turns spent on level
                    A         B        C        D         E        F      G
               +---------+---------+-------+---------+---------+-------+---------
         Total |       0 |      17 |   0.0 |       0 |      11 |   0.0 |   361
               +---------+---------+-------+---------+---------+-------+---------
           D:1 |       0 |      17 |   0.0 |       0 |      11 |   0.0 |   361
               +---------+---------+-------+---------+---------+-------+---------
